 Dungeon Crawl Stone Soup version 0.30-a0-996-ga6910c8ee8 (webtiles) character file.

Game seed: 1366420599251461711

4 ytrimaz the Ruffian (level 1, 18/18 HPs)
             Began as a Troll Transmuter on Apr 5, 2023.
             Quit the game on level 1 of the Dungeon.
             The game lasted 00:00:13 (77 turns).

ytrimaz the Ruffian (Troll Transmuter)                Turns: 77, Time: 00:00:14

Health: 18/18      AC:  4    Str: 17    XL:     1   Next: 58%
Magic:  1/1        EV:  9    Int:  9    God:
Gold:   0          SH:  0    Dex: 10    Spells: 1/2 levels left

rFire   . . .      SeeInvis .      - Unarmed
rCold   . . .      Faith    .    (no shield)
rNeg    . . .      Spirit   .    a - +0 robe
rPois   .          Reflect  .    (helmet restricted)
rElec   .          Rampage  .    (no cloak)
rCorr   .                        (gloves unavailable)
Will    .....                    (boots unavailable)
Stlth   +                        (no amulet)
HPRegen 1.03/turn                (no ring)
MPRegen 0.07/turn                (no ring)

@: no status effects
A: large, unfitting armour, claws 3, regeneration 1, shaggy fur 1, tough skin 1
a: no special abilities


You were on level 1 of the Dungeon.
You visited 1 branch of the dungeon, and saw 1 of its levels.


Innate Abilities, Weirdness & Mutations

You are too large for most types of armour.
You have claws for hands.
Your natural rate of healing is unusually fast.
You are covered in fur. (AC +1)
You have tough skin. (AC +1)


   Skills:
 + Level 0.9 Fighting
 + Level 1.6 Dodging
 + Level 3.0 Unarmed Combat
 + Level 1.3 Spellcasting
 + Level 1.4 Transmutations


You had one spell level left.
You knew the following spells:

 Your Spells              Type           Power      Damage    Failure   Level
a - Beastly Appendage     Tmut           6%         N/A       21%         1

Your spell library contained the following spells:

 Spells                   Type           Power      Damage    Failure   Level
 Wereblood                Tmut           3%         N/A       30%         2
 Spider Form              Tmut/Pois      1%         N/A       63%         3
 Ice Form                 Ice/Tmut       1%         N/A       95%         4

Inventory:

Armour
 a - a +0 robe (worn)
Potions
 b - a potion of lignification

Dungeon Overview and Level Annotations

Branches:
Dungeon (1/15) Zot: 5924

Altars:

########## .........#
.#########.####...
)......@.............
.##.##.###.####.....###
#. #.# #.....#.. #. #.#
#.....#.# #K
#.####.....#)# #.
#....#.....#.# ..
####.#.....#.#
########.#.....#.#
...........####)#


You could see a kobold.


Message History

A goblin and a kobold come into view.
The kobold shouts!
The kobold throws a stone.
The stone hits you. 😕 HP[-1]
You take 1 damage, and now have 17/18 hp.
There are monsters nearby!
There are monsters nearby!
The kobold throws a stone.
The stone barely misses you.
The goblin hits you with a +0 club. 😕 HP[-2]
You take 2 damage, and now have 15/18 hp.
You closely miss the goblin.
The kobold throws a stone.
The stone hits you. The goblin hits you but does no damage.
You closely miss the goblin. The goblin hits you but does no damage.
You barely miss the goblin.
The kobold throws a stone.
The stone barely misses you.
The stone hits the goblin.
The goblin closely misses you. 😕 HP[+1] Unknown command.
You scratch the goblin. 😕 HP[+1]
You claw the goblin!
You kill the goblin! 😎 HP[+1]
Your hp is fully restored (18).
The kobold throws a stone.
The stone hits you but does no damage.
Unknown command.
The kobold hits you but does no damage.
You claw the kobold!
You kill the kobold!
No target in view!
Things that are here:
a +0 dagger; 2 stones; a kobold corpse Unknown command.
No target in view!
A bat comes into view.
The bat moves out of view.
A giant cockroach comes into view.
You claw the giant cockroach!
You kill the giant cockroach!
A bat is nearby!
A bat is nearby!
A bat is nearby!
The bat hits you but does no damage. The bat hits you but does no damage.
The bat hits you but does no damage. The bat barely misses you.
You scratch the bat but do no damage. The bat barely misses you.
The bat hits you but does no damage.
You scratch the bat. The bat closely misses you.
You miss the bat. The bat hits you but does no damage.
You closely miss the bat. The bat hits you but does no damage.
The bat hits you but does no damage. The bat barely misses you.
The bat hits you. x2
A bat is nearby! 😕 HP[-2]
You take 2 damage, and now have 16/18 hp.
A bat is nearby!
A bat is nearby!
The bat barely misses you. 😕 HP[+1]
You closely miss the bat.
The bat hits you but does no damage. 😎 HP[+1]
Your hp is fully restored (18).
The bat hits you. 😕 HP[-1]
You take 1 damage, and now have 17/18 hp.
You barely miss the bat. The bat hits you but does no damage.
The bat barely misses you. 😎 HP[+1]
Your hp is fully restored (18).
You scratch the bat.
You kill the bat!
No target in view!
No target in view!
No target in view!
No target in view!
No target in view!
No target in view!
No target in view!
Key pressed, stopping explore.
A frilled lizard comes into view.
The frilled lizard hisses angrily.
A frilled lizard is nearby!
A frilled lizard is nearby!
A frilled lizard is nearby!
You barely miss the frilled lizard. The frilled lizard closely misses you.
You miss the frilled lizard. The frilled lizard barely misses you.
Unknown command.
You scratch the frilled lizard.
You kill the frilled lizard!
No target in view!
Unknown command.
No target in view!
A kobold comes into view. It is wielding a +0 club.
The kobold shouts!
A kobold is nearby!
A kobold is nearby!
A kobold is nearby!
Are you sure you want to abandon this character and quit the game? (Confirm with "yes".)

Action                     || total
---------------------------++-------
  Melee: Unarmed           ||    17
 Armour: Robe              ||    13
  Dodge: Dodged            ||    11

Levels and vault maps discovered:
D:1:      lightli_arrival_maybe_door_vault, layout_basic, basic_ecumenical_altar

Notes
Turn   | Place    | Note
-------+----------+-------------------------------------------
     0 | D:1      | ytrimaz the Troll Transmuter began the quest for the Orb.
     0 | D:1      | Reached XP level 1. HP: 18/18 MP: 1/1
     0 | D:1      | magus.rc [v1.9.6]
    77 | D:1      | Quit the game

Vanquished Creatures
  A bat (D:1)
  A giant cockroach (D:1)
  A frilled lizard (D:1)
  A goblin (D:1)
  A kobold (D:1)
5 creatures vanquished.

Table legend:
 A = Non-vault XP
 B = Vault XP
 C = Vault XP percentage of total XP
 D = Non-vault monster count
 E = Vault monster count
 F = Vault count percentage of total count
                 A         B        C        D         E       F
            +---------+---------+-------+---------+---------+-------
      Total |       7 |       0 |   0.0 |       5 |       0 |   0.0
            +---------+---------+-------+---------+---------+-------
        D:1 |       7 |       0 |   0.0 |       5 |       0 |   0.0
            +---------+---------+-------+---------+---------+-------

Illustrated notes

Table legend:
 A = Kills in this place as a percentage of kills in the entire game.
 B = Kills by you in this place as a percentage of kills by you in the entire game.
 C = Kills by friends in this place as a percentage of kills by friends in the entire game.
 D = Other kills in this place as a percentage of other kills in the entire game.
 E = Experience gained in this place as a percentage of experience gained in the entire game.
 F = Experience gained in this place divided by the number of levels of this place that you have seen.
                   A       B       C       D       E      F
               +-------+-------+-------+-------+-------+----------------------
         Total | 100.0 | 100.0 |   N/A |   N/A | 100.0 |   7.0
       Dungeon | 100.0 | 100.0 |   N/A |   N/A | 100.0 |   7.0
               +-------+-------+-------+-------+-------+----------------------

Table legend: (Time is in decaauts)
 A = Elapsed time spent in this place.
 B = Non-inter-level travel time spent in this place.
 C = Inter-level travel time spent in this place.
 D = Time resting spent in this place.
 E = Time spent auto-exploring this place.
 F = Levels seen in this place.
 G = Mean time per level.
                   A        B        C        D        E       F      G
               +--------+--------+--------+--------+--------+-----+--------+
         Total |     76 |     76 |      0 |      0 |     37 |   1 |   76.0 |
       Dungeon |     76 |     76 |      0 |      0 |     37 |   1 |   76.0 |
               +--------+--------+--------+--------+--------+-----+--------+

Top non-repeatable levels by time:
     D:1: 76 daAuts
